AoeStats
← nanakusa

Fortress

508693829Analyzed
4v4 RM · 9d ago on Sep 23, 2026· 50m 20s· 8 players
Game mode
Random Map
Map size
Huge
Population
200
Speed
Normal
Resources
Standard
Victory
Conquest
Starting age
Dark Age
Ending age
Imperial Age
RankedLock teamsTeams togetherTeam positionsShared explorationLock speedFull tech treeHidden civsTurbo modeCheats
Victory
Defeat
1614
+13
🇭🇰 Varangians · Hong Kong SAR China
1598
+14
🇯🇵 Turks · Japan
1532
+17
🇦🇺 Saracens · Australia
1508
+17
🇬🇧 Varangians · United Kingdom
1568
-16
🇹🇷 Teutons · Türkiye
1565
-16
🇦🇷 Bengalis · Argentina
1543
-15
🇩🇪 Saracens · Germany
1522
-14
Apep
9:43 Feudal Age
10:28 Horse Collar
10:34 Double-Bit Axe
13:23 Castle Age
14:32 Bow Saw
16:52 Wheelbarrow
16:37 Heavy Plow
17:57 Gold Mining
22:02 Squires
22:56 Hand Cart
22:29 Loom
26:46 Imperial Age
25:32 Scale Barding Armor
25:57 Forging
26:51 Chain Barding Armor
26:42 Bloodlines
28:00 Hand Cart
28:22 Iron Casting
27:09 Cavalier
29:01 Plate Barding Armor
28:44 Paladin
33:00 Blast Furnace
36:28 Elite Teutonic Knight
37:10 Scale Mail Armor
38:24 Conscription
39:33 Chain Mail Armor
40:29 Stone Mining
43:44 Plate Mail Armor
Juanchoche
7:43 Feudal Age
11:38 Castle Age
9:27 Double-Bit Axe
9:24 Horse Collar
13:02 Bow Saw
21:53 Imperial Age
19:43 Scale Barding Armor
20:44 Bloodlines
20:59 Forging
20:32 Light Cavalry
21:57 Chain Barding Armor
21:28 Gold Mining
22:06 Husbandry
22:36 Hussar
25:00 Plate Barding Armor
24:38 Heavy Plow
27:06 Iron Casting
26:57 Heavy Camel Rider
27:54 Town Watch
27:56 Loom
28:47 Wheelbarrow
33:44 Chemistry
35:27 Conscription
44:20 Caravan
44:58 Fortified Wall
pela
7:06 Feudal Age
11:09 Castle Age
11:28 Double-Bit Axe
12:57 Horse Collar
14:50 Loom
17:08 Bow Saw
19:12 Wheelbarrow
18:40 Gold Mining
25:05 Imperial Age
22:48 Padded Archer Armor
22:38 Fletching
23:11 Fletching
23:55 Ballistics
23:57 Bodkin Arrow
24:18 Leather Archer Armor
24:47 Husbandry
24:57 Bloodlines
25:12 Heavy Plow
26:13 Conscription
26:03 Paiks
26:34 Ring Archer Armor
26:04 Bracer
27:13 Chemistry
27:18 Hand Cart
27:39 Elite Elephant Archer
31:20 Siege Engineers
31:52 Crop Rotation
31:31 Town Watch
32:11 Siege Elephant
33:36 Mahayana
43:48 Scale Barding Armor
43:54 Forging
43:32 Light Cavalry
Frankie Fast Hands
7:51 Feudal Age
11:37 Castle Age
9:39 Double-Bit Axe
9:38 Horse Collar
13:08 Bow Saw
13:25 Heavy Plow
17:21 Wheelbarrow
20:45 Loom
21:40 Gold Mining
22:33 Stone Mining
25:42 Imperial Age
23:02 Light Cavalry
24:41 Stone Shaft Mining
24:55 Bloodlines
25:51 Husbandry
26:14 Ballistics
26:21 Heavy Scorpion
27:50 Scale Barding Armor
27:56 Forging
28:25 Siege Engineers
29:21 Chemistry
29:49 Hussar
31:32 Masonry
31:58 Chain Barding Armor
31:46 Vendel Legacy
35:36 Plate Barding Armor
35:37 Iron Casting
36:54 Vendel Legacy
39:17 Blast Furnace
39:16 Hand Cart
45:25 Conscription
46:35 Caravan
47:05 Coinage
46:51 Fletching
50:12 Bodkin Arrow
ResonanceFreq
6:59 Feudal Age
10:43 Castle Age
8:59 Double-Bit Axe
9:24 Horse Collar
20:13 Wheelbarrow
20:08 Bow Saw
20:41 Gold Mining
20:52 Heavy Plow
21:11 Stone Mining
22:02 Gold Shaft Mining
22:15 Hand Cart
25:34 Imperial Age
23:58 Scale Barding Armor
24:03 Forging
25:28 Chain Barding Armor
26:08 Bloodlines
25:58 Husbandry
26:34 Iron Casting
27:03 Plate Barding Armor
26:50 Conscription
28:32 Chemistry
26:58 Elite Mameluke
29:01 Blast Furnace
29:05 Two-Man Saw
30:45 Siege Engineers
31:10 Caravan
39:13 Fortified Wall
38:50 Town Watch
38:51 Loom
40:17 Coinage
44:08 Banking
trói em vào cột điện
6:50 Feudal Age
10:32 Castle Age
8:56 Double-Bit Axe
8:55 Horse Collar
12:26 Bow Saw
13:46 Heavy Plow
16:50 Wheelbarrow
16:59 Loom
18:02 Gold Mining
18:02 Stone Mining
22:26 Hand Cart
25:53 Imperial Age
23:42 Fletching
24:02 Town Watch
24:29 Bodkin Arrow
24:35 Scale Mail Armor
24:37 Clerical Recruitment
25:49 Ballistics
25:40 Fortified Wall
26:57 Conscription
25:58 Shield Wall
27:01 Caravan
28:36 Chain Mail Armor
28:32 Forging
28:20 Elite Hearth Troop
29:30 Squires
29:16 Arson
30:13 Plate Mail Armor
30:03 Bracer
31:19 Iron Casting
30:59 Bracer
30:54 Pikeman
31:20 Gambesons
30:55 Man-at-Arms
31:29 Halberdier
32:42 Elite Varangian Guard
33:56 Capped Ram
34:06 Clerical Recruitment
39:08 Siege Ram
41:52 Two-Man Saw
42:07 Hoardings
42:13 Masonry
43:04 Chemistry
43:09 Scale Barding Armor
45:46 Architecture
45:55 Siege Engineers
46:27 Heavy Scorpion
50:25 Chain Barding Armor
nanakusa
8:29 Feudal Age
9:53 Wheelbarrow
10:09 Double-Bit Axe
12:36 Castle Age
10:35 Horse Collar
14:04 Bow Saw
14:01 Heavy Plow
14:51 Loom
16:49 Town Watch
19:45 Gold Mining
24:48 Imperial Age
23:18 Padded Archer Armor
24:08 Gold Shaft Mining
23:24 Stone Mining
23:52 Hand Cart
27:06 Husbandry
27:17 Bloodlines
27:38 Conscription
27:56 Fortified Wall
27:57 Artillery
28:47 Heavy Camel Rider
29:43 Elite Janissary
31:35 Caravan
32:30 Leather Archer Armor
36:14 Scale Barding Armor
36:20 Forging
38:19 Fletching
44:16 Bodkin Arrow
44:52 Ring Archer Armor
45:38 Masonry
46:06 Hoardings
49:41 Chain Barding Armor
49:57 Iron Casting
7E_barbecue
7:04 Feudal Age
10:48 Castle Age
9:26 Double-Bit Axe
9:41 Horse Collar
13:11 Wheelbarrow
18:28 Loom
19:05 Heavy Plow
20:39 Hand Cart
21:04 Stone Mining
21:05 Gold Mining
25:48 Imperial Age
23:03 Town Watch
23:26 Scale Barding Armor
24:37 Chain Barding Armor
24:27 Forging
25:24 Husbandry
25:36 Bloodlines
25:09 Light Cavalry
27:05 Conscription
28:11 Plate Barding Armor
27:14 Elite Jarl
29:05 Iron Casting
31:10 Blast Furnace
30:49 Hussar
31:59 Fletching
34:07 Bow Saw
34:57 Crop Rotation
35:39 Guilds
36:41 Two-Man Saw
36:30 Caravan
38:33 Coinage
37:56 Cavalier
38:52 Arson
39:07 Squires
41:19 Stone Shaft Mining
41:22 Banking
42:20 Town Patrol
43:25 Vendel Legacy
50:09 Devotion
Connection lost

Rejoining the realm…

Still unreachable

The connection could not be restored.

Session expired

The server has moved on; the page needs a fresh start.